AoeStats
← 客官

Arena

509892876Analyzed
1v1 RM · 5d ago on Sep 28, 2026· 32m 6s· 2 players
Game mode
Random Map
Map size
Tiny (2 player)
Population
200
Speed
Normal
Resources
Standard
Victory
Conquest
Starting age
Dark Age
Ending age
Imperial Age
RankedLock teamsTeams togetherTeam positionsShared explorationLock speedFull tech treeHidden civsTurbo modeCheats
Victory
Defeat
🇨🇳 Magyars · China
1479
+13
🇵🇰 Bengalis · Pakistan
1424
-13
Captain Soap
2:16 Loom
10:42 Feudal Age
14:29 Castle Age
12:22 Horse Collar
12:38 Double-Bit Axe
16:14 Gold Mining
17:11 Pikeman
23:33 Fletching
24:37 Padded Archer Armor
29:51 Bodkin Arrow
客官
9:56 Feudal Age
13:48 Castle Age
11:51 Double-Bit Axe
13:07 Horse Collar
19:29 Loom
22:08 Town Watch
30:51 Imperial Age
28:26 Gold Mining
28:28 Stone Mining
28:50 Bow Saw
28:46 Fletching
29:23 Padded Archer Armor
30:26 Thumb Ring
30:18 Bodkin Arrow
32:23 Leather Archer Armor
Connection lost

Rejoining the realm…

Still unreachable

The connection could not be restored.

Session expired

The server has moved on; the page needs a fresh start.